 Dungeon Crawl Stone Soup version 0.29.1-13-g9f3cf754e1 (webtiles) character file.

Game seed: 7596085556506560714

54 Vulpanium the Caller (level 4, -2/30 (31) HPs)
             Began as a Human Summoner on Jan 21, 2023.
             Was a Plaything of Xom.
             Slain by a gnoll
             ... wielding a +0 spear
             ... led by a gnoll sergeant
              (8 damage)
             ... on level 3 of the Dungeon.
             The game lasted 00:07:39 (3497 turns).

Vulpanium the Caller (Human Summoner)               Turns: 3497, Time: 00:07:40

HP:   -2/30 (31)    AC:  2    Str:  9    XL:     4   Next: 12%
MP:   1/7           EV: 12    Int: 17    God:    Xom [.*....]
Gold: 100           SH:  0    Dex: 13    Spells: 6/7 levels left

rFire   . . .      SeeInvis .   c - +0 dagger
rCold   . . .      Faith    .   m - orb {light}
rNeg    . . .      Spirit   .   a - +0 robe
rPois   .          Reflect  .   (no helmet)
rElec   .          Harm     .   (no cloak)
rCorr   .          Rampage  .   (no gloves)
Will    .....                   (no boots)
Stlth   +.........              f - amulet of the acrobat
HPRegen 0.10/turn               (no ring)
MPRegen 0.10/turn               (no ring)

@: very slightly contaminated, glowing, lightly drained
A: no striking features
a: Renounce Religion


You were on level 3 of the Dungeon.
You worshipped Xom.
You were a plaything of Xom.
You visited 1 branch of the dungeon, and saw 3 of its levels.

You collected 100 gold pieces.

Inventory:

Hand Weapons
 c - a +0 dagger (weapon)
Armour
 a - a +0 robe (worn)
 m - an orb of light (worn)
 n - a +0 helmet
Jewellery
 f - an amulet of the acrobat (around neck)
Scrolls
 h - a scroll of identify {unknown}
Potions
 b - a potion of magic
 d - 2 potions of curing
 e - a potion of mutation {unknown}
 g - a potion of degeneration {unknown}
 i - a potion of flight {unknown}
 k - a potion of berserk rage {unknown}


   Skills:
 + Level 0.3 Fighting
 + Level 0.8 Short Blades
 + Level 2.5 Dodging
 + Level 2.2 Stealth
 + Level 2.2 Spellcasting
 + Level 4.7 Summonings


You had 6 spell levels left.
You knew the following spells:

 Your Spells              Type           Power      Damage    Failure   Level
a - Summon Small Mammal   Summ           68%        N/A       2%          1

Your spell library contained the following spells:

 Spells                   Type           Power      Damage    Failure   Level
 Call Imp                 Summ           17%        N/A       4%          2
 Call Canine Familiar     Summ           17%        N/A       9%          3
 Summon Guardian Golem    Hex/Summ       9%         N/A       22%         3
 Summon Lightning Spire   Summ/Air       9%         N/A       58%         4


Dungeon Overview and Level Annotations

Branches:
Dungeon (3/15)

Altars:
Xom


Message History

Your rat bites the gnoll.
The gnoll completely misses your rat.
Your rat barely misses the gnoll.
Something closely misses your rat.
Casting: Summon Small Mammal (safe; 2% risk of failure)
Confirm with . or Enter, or press ? or * to list all spells.
Casting: Summon Small Mammal (safe; 2% risk of failure)
Confirm with . or Enter, or press ? or * to list all spells.
You miscast Summon Small Mammal.
You are very lightly contaminated with residual magic.
Nothing appears to happen.
You swap places.
You swap places.
The gnoll hits your rat with a +0 spear!
Your rat dies!
Your rat's corpse disappears in a puff of smoke!
The gnoll closely misses you.
Casting: Summon Small Mammal (safe; 2% risk of failure)
Confirm with . or Enter, or press ? or * to list all spells.
You miscast Summon Small Mammal.
Nothing appears to happen.
The gnoll hits you from afar with a +0 spear.
The gnoll completely misses you. x2
You hit the gnoll but do no damage.
The gnoll is moderately wounded.
The gnoll hits you from afar with a +3 spear.
The gnoll closely misses you.
You hit the gnoll.
The gnoll is moderately wounded.
The gnoll barely misses you. The gnoll hits you with a +0 spear!
You hit the gnoll.
The gnoll is moderately wounded.
The gnoll barely misses you. The gnoll closely misses you.
You hit the gnoll.
The gnoll is severely wounded.
The gnoll hits you from afar with a +3 spear.
* * * LOW HITPOINT WARNING * * *
The gnoll closely misses you.
You hit the gnoll.
The gnoll is severely wounded.
The gnoll misses you. The gnoll hits you with a +0 spear!
You die...

#. #..†.. #..#...(
... .... #..#.#.#
#.. ...# ##..#.#.#
#.# #..# .......g#
#.# #..# ##..g...#
#.# #..# ##.#..##
#.# #..#
#.#..#####.######..#
#....g.....ggg@r...#
#.#.##############.#
###.#.# .# #...#.#
.. #.###.# ... #.#
#.####### .### #.#
#<....... .# #.#
#..#####. .# #.#
#..#


You could see 2 gnolls, a goblin (ally target) and a friendly rat (summoned).

Vanquished Creatures
  A dart slug (D:1)
  3 ball pythons
  An endoplasm (D:1)
  A giant cockroach (D:1)
  3 goblins
  2 hobgoblins
  2 jackals (D:1)
  5 kobolds (D:1)
  A quokka (D:1)
  4 bats
  4 rats
27 creatures vanquished.

Vanquished Creatures (collateral kills)
  A dart slug (D:1)
  A ball python (D:1)
  4 bats
  2 giant cockroaches
  2 goblins
  A hobgoblin (D:1)
  2 jackals (D:1)
  A frilled lizard (D:1)
  4 kobolds (D:1)
  A rat (D:3)
19 creatures vanquished.

Grand Total: 46 creatures vanquished

Notes
Turn   | Place    | Note
-------+----------+-------------------------------------------
     0 | D:1      | Vulpanium the Human Summoner began the quest for the Orb.
     0 | D:1      | Reached XP level 1. HP: 13/13 MP: 3/3
   483 | D:1      | Reached XP level 2. HP: 7/19 MP: 1/5
   854 | D:1      | Found a faded altar of an unknown god.
   858 | D:1      | Prayed at the altar of an unknown god.
   858 | D:1      | Became a worshipper of Xom of Chaos
  1290 | D:1      | Reached XP level 3. HP: 23/24 MP: 6/6
  1324 | D:1      | XOM: silly message
  1349 | D:1      | XOM: silly message
  1356 | D:1      | XOM: silly message
  1534 | D:1      | XOM: cloud trail
  1808 | D:1      | XOM: chaos upgrade
  1917 | D:1      | XOM: noise
  2460 | D:2      | XOM: silly message
  2488 | D:2      | Reached XP level 4. HP: 21/30 MP: 7/7
  2838 | D:2      | XOM: 1-stop teleportation journey
  3112 | D:2      | XOM: 8-stop teleportation journey
  3272 | D:2      | XOM: polymorph worm -> golden eye
  3497 | D:3      | Slain by a gnoll

Illustrated notes

Levels and vault maps discovered:
D:1:      minmay_arrival_stair_chambers, layout_rooms,
          nicolae_ecumenical_lake_church, corexii_item_surrounded_by_moat
D:2:      layout_basic
D:3:      layout_loops_ring

Action                   |  1- 3 |  4- 6 || total
-------------------------+-------+-------++-------
Melee: Dagger            |   130 |    17 ||   147
       Unarmed           |     6 |       ||     6
 Cast: Summon Small Mamm |    28 |     8 ||    36
  Use: Scroll            |       |     3 ||     3
       Potion            |       |     1 ||     1
 Stab: Sleeping          |     1 |       ||     1
       Petrified         |     2 |       ||     2
Armor: Robe              |    41 |     3 ||    44
Dodge: Dodged            |   171 |    27 ||   198
